 Dungeon Crawl Stone Soup version 0.22-a0-305-gd21a89c (webtiles) character file.

112 Borgoz the Skirmisher (level 4, -1/41 HPs)
             Began as a Hill Orc Abyssal Knight on Mar 31, 2018.
             Was a Follower of Lugonu.
             Slain by a hound (4 damage)
             ... on level 4 of the Dungeon.
             The game lasted 00:01:57 (1742 turns).

Borgoz the Skirmisher (Hill Orc Abyssal Knight)     Turns: 1742, Time: 00:01:57

Health: -1/41      AC:  3    Str: 14    XL:     4   Next: 93%
Magic:  6/6        EV: 11    Int: 12    God:    Lugonu [*.....]
Gold:   0          SH:  0    Dex: 11    Spells: 3/3 levels left

rFire    . . .     SeeInvis .   a - +1 hand axe
rCold    . . .     Gourm    .   (no shield)
rNeg     . . .     Faith    .   b - +0 leather armour
rPois    .         Spirit   .   (no helmet)
rElec    .         Reflect  .   (no cloak)
rCorr    .         Harm     .   (no gloves)
MR       .....                  (no boots)
Stlth    +.........             (no amulet)
HPRegen  0.13/turn              (no ring)
MPRegen  0.10/turn              (no ring)

@: no status effects
A: no striking features
a: Depart the Abyss, Renounce Religion


You were on level 4 of the Dungeon.
You worshipped Lugonu.
Lugonu was aware of your devotion.
You were hungry.

You visited 1 branch of the dungeon, and saw 4 of its levels.
You visited the Abyss 1 time.

Inventory:

Hand Weapons
 a - a +1 hand axe (weapon)
Armour
 b - a +0 leather armour (worn)
Scrolls
 d - 2 scrolls of identify {unknown}
 e - a scroll of random uselessness {unknown}
 i - a scroll of teleportation {unknown}
Comestibles
 c - 4 rations


   Skills:
 + Level 4.3 Fighting
 + Level 3.7 Axes
 + Level 3.1 Armour
 + Level 1.7 Dodging
 + Level 3.5 Invocations


You had 3 spell levels left.
You didn't know any spells.

Dungeon Overview and Level Annotations

Branches:
Dungeon (4/15)
 Temple: D:4-7

Altars:


Message History

The hound bites you.
* * * LOW HITPOINT WARNING * * *
You barely miss the hound.
The hound is lightly wounded.
The hound completely misses you.
You hit the hound.
The hound is moderately wounded.
The hound barely misses you. The hound closely misses you.
You hit the hound.
The hound is heavily wounded.
The hound bites you.
* * * LOW HITPOINT WARNING * * *
The hound closely misses you.
You barely miss the hound.
The hound is heavily wounded.
The hound closely misses you.
You closely miss the hound.
The hound is heavily wounded.
The hound bites you.
You die...

# ..
######...
#........
#........
#<.# #..#
#@.# #h.#
#..# #..#
...# ##.#
#.# .#


You could see a hound.

Vanquished Creatures
  A crimson imp (D:4)
  A hound (D:4)
  An adder (D:2)
  An ooze (D:2)
  An orc (D:3)
  5 bats
  A giant cockroach (D:1)
  3 goblins (D:1)
  5 hobgoblins (D:1)
  4 jackals (D:1)
  4 frilled lizards
  2 kobolds (D:1)
  4 rats
33 creatures vanquished.

Notes
Turn   | Place    | Note
-------+----------+-------------------------------------------
     0 | Abyss:1  | Borgoz the Hill Orc Abyssal Knight began the quest for the Orb.
     0 | Abyss:1  | Reached XP level 1. HP: 19/19 MP: 2/2
     7 | Abyss:1  | Found a corrupted altar of Lugonu.
    17 | Abyss:1  | Noticed an ancient zyme
    18 | D:1      | Escaped the Abyss
   397 | D:1      | Reached skill level 1 in Dodging
   397 | D:1      | Reached XP level 2. HP: 26/27 MP: 3/3
   400 | D:1      | Reached * piety under Lugonu
   939 | D:1      | Reached XP level 3. HP: 33/33 MP: 5/5
  1179 | D:1      | Reached skill level 4 in Fighting
  1571 | D:4      | Reached XP level 4. HP: 5/40 MP: 6/6
  1740 | D:4      | HP: 2/41 [hound (1)]
  1742 | D:4      | Slain by a hound

Vault maps used:
D:1:      dpeg_arrival_tiny_a
D:2:      overflow_temple_1_default, chequers_ecumenical_altar_grove
D:3:      uniq_natasha
D:4:      serial_shops, kennysheep_little_box, kennysheep_mini,
          nicolae_shop_stone, shop_fountains, minivault_5

Skill      XL: |  1  2  3  4 |
---------------+-------------+-----
Dodging        | 1 |  1.7
Axes           | 3 |  3.7
Fighting       | 4 |  4.3
Invocations    | 3 |  3.5
Armour         | 3 |  3.1

Action                   |  1- 3 |  4- 6 || total
-------------------------+-------+-------++-------
Melee: Hand axe          |   100 |    22 ||   122
Invok: Depart the Abyss  |     1 |       ||     1
  Use: Potion            |     2 |       ||     2
  Eat: Chunk             |     2 |       ||     2
Armor: Leather armour    |    29 |     6 ||    35
Dodge: Dodged            |    59 |    16 ||    75

Table legend:
 A = Spawn XP
 B = Non-spawn XP
 C = Spawn XP percentage of total XP
 D = Spawn monster count
 E = Non-spawn monster count
 F = Spawn count percentage of total count
 G = Total turns spent on level
                    A         B        C        D         E        F      G
               +---------+---------+-------+---------+---------+-------+---------
         Total |       0 |     160 |   0.0 |       0 |      33 |   0.0 |  1742
               +---------+---------+-------+---------+---------+-------+---------
           D:1 |       0 |      41 |   0.0 |       0 |      25 |   0.0 |  1286
           D:2 |       0 |      23 |   0.0 |       0 |       4 |   0.0 |   194
           D:3 |       0 |       4 |   0.0 |       0 |       2 |   0.0 |    31
           D:4 |       0 |      92 |   0.0 |       0 |       2 |   0.0 |   213
               +---------+---------+-------+---------+---------+-------+---------
